 Dungeon Crawl Stone Soup version 0.30-a0-1035-g38d5fb2972 (webtiles) character file.

Game seed: 1876937650160998540

1551 Danienth the Grave Robber (level 8, -3/53 HPs)
             Began as a Demonspawn Necromancer on Apr 8, 2023.
             Slain by an orc warrior
             ... wielding a +0 war axe
              (20 damage)
             ... on level 6 of the Dungeon.
             The game lasted 01:09:06 (6385 turns).

Danienth the Grave Robber (Demonspawn Necromancer)  Turns: 6385, Time: 01:09:08

Health: -3/53      AC:  3    Str:  9    XL:     8   Next: 57%
Magic:  14/17      EV: 12    Int: 19    God:
Gold:   288        SH:  0    Dex: 13    Spells: 11/19 levels left

rFire   . . .      SeeInvis .    H - +4 short sword (speed)
rCold   . . .      Faith    .    (no shield)
rNeg    . . .      Spirit   .    k - +0 leather armour
rPois   +          Reflect  .    J - +0 hat {Will+}
rElec   .          Rampage  .    (cloak unavailable)
rCorr   +                        (no gloves)
Will    +....                    (no boots)
Stlth   ++                       (no amulet)
HPRegen 0.28/turn                m - ring of resist corrosion
MPRegen 0.30/turn                y - ring of poison resistance

@: no status effects
A: hooves 2, magic regeneration, weakness stinger 3, demonic touch 1
a: no special abilities


You were on level 6 of the Dungeon.
You visited 1 branch of the dungeon, and saw 6 of its levels.
You also visited: Sewer.

You collected 288 gold pieces.

Inventory:

Hand Weapons
 c - a +0 short sword of distortion
 x - a +2 dagger of venom
 H - a +4 short sword of speed (weapon)
Missiles
 f - 2 curare-tipped darts
Armour
 k - a +0 leather armour (worn)
 B - a +1 helmet
 J - a +0 hat of willpower (worn)
Magical Staves
 d - a staff of death
 j - a staff of air
 v - a staff of fire
Jewellery
 m - a ring of resist corrosion (left hand)
 y - a ring of poison resistance (right hand)
Wands
 o - a wand of mindburst (8)
 w - a wand of iceblast (18) (quivered)
 z - a wand of flame (6)
Scrolls
 a - 2 scrolls of identify
 e - a scroll of enchant armour
 p - 2 scrolls of fog
 q - a scroll of acquirement {unknown}
 t - a scroll of teleportation
 A - a scroll of amnesia
 E - a scroll of magic mapping {unknown}
 G - 3 scrolls of noise
Potions
 b - a potion of attraction {unknown}
 g - a potion of cancellation {unknown}
 i - 2 potions of degeneration {unknown}
 l - 3 potions of lignification
 n - 3 potions of mutation {unknown}
 r - a potion of brilliance {unknown}
 s - 4 potions of heal wounds {unknown}
 u - 2 potions of might {unknown}
 C - a potion of flight {unknown}
 F - a potion of haste {unknown}


   Skills:
 + Level 0.3 Fighting
 * Level 3.0 Staves
 + Level 1.2 Throwing
 + Level 1.8 Armour
 + Level 2.6 Dodging
 + Level 2.2 Stealth
 + Level 6.0 Spellcasting
 + Level 7.6 Necromancy
 * Level 3.5 Evocations


You had 11 spell levels left.
You knew the following spells:

 Your Spells              Type           Power      Damage    Failure   Level
a - Necrotise             Necr           100%       1d9       1%          1
b - Vampiric Draining     Necr           34%        2d8       1%          3
c - Animate Dead          Necr           34%        N/A       6%          4

Your spell library contained the following spells:

 Spells                   Type           Power      Damage    Failure   Level
 Agony                    Necr           34%        N/A       19%         5


Dungeon Overview and Level Annotations

Branches:
Dungeon (6/15)              Sewer (visited)
 Temple: D:4-7

Altars:
Cheibriados
Makhleb


Innate Abilities, Weirdness & Mutations

You have hoof-like feet.
You regenerate magic rapidly.
You have a sharp stinger which inflicts weakening toxins.
Your touch may inflict minor irresistible damage on your foes.


Message History

The orc warrior shoots a bolt.
The bolt hits you!
As you read the scroll of teleportation, it crumbles to dust.
You feel strangely unstable.
An orc wizard comes into view. It is wielding a +1 dagger of draining.
The orc warrior attacks as you move away!
The orc warrior unwields a +0 arbalest.
The orc warrior wields a +0 war axe.
The orc warrior hits you with a +0 war axe!
* * * LOW HITPOINT WARNING * * *
Aiming: Charm
Press: ? - help, Shift-Dir - straight line, f - orc warrior
Aim: an orc warrior, wielding a +0 war axe and wearing a +0 plate armour (almost dead, chance to affect: 58%)
The orc warrior is charmed.
Your surroundings suddenly seem different.
You start resting.
Magic restored.
You start resting.
An orc warrior is nearby!
Your reaping aura is weakening.
The orc warrior unwields a +0 war axe.
The orc warrior wields a +0 arbalest.
The orc warrior shoots a bolt.
The bolt hits you!
* * * LOW HITPOINT WARNING * * *
The orc warrior shoots a bolt.
The bolt barely misses you.
Aiming: Charm
Press: ? - help, Q - select action, (/) - cycle Shift-Dir - straight line, f/p - orc warrior
Aim: an orc warrior, wielding a +0 arbalest and wearing a +0 plate armour (severely wounded, chance to affect: 58%)
The orc warrior is charmed.
The now-empty wand crumbles to dust.
You start resting.
Your reaping aura expires.
You start resting.
The orc warrior is no longer charmed.
The orc warrior unwields a +0 arbalest.
The orc warrior wields a +0 war axe.
The orc warrior barely misses you.
Casting: Animate Dead (dangerous; 6% risk of failure)
Confirm with . or Enter, or press ? or * to list all spells.
Aiming: Vampiric Draining (safe; 1% risk of failure)
Press: ? - help, Shift-Dir - straight line, f/p - orc warrior
Aim: an orc warrior, wielding a +0 war axe and wearing a +0 plate armour (severely wounded)
You draw life force from the orc warrior!
You feel life coursing into your body.
The orc warrior hits you with a +0 war axe!!
You die...

#Z# #.# #.## #.# ...#####.#
.#....##.# ...##.##Z# ...# ##.#
############
...##.##.#############......ZZ..#
#..............o.......########.#
#.....##.##..###@.###### #.#
#.###.##.##....#..#### #.. #..
....##..#.......# ##.# ###
#####.......##.# ##.##
#.#####.##.# ##Z##
#####.#####.......##.# ### #.##
..........##########.###.####.##
######.##.# #.##...####Z## #.##.#
#.#.....####.#


You could see an orc warrior.

Vanquished Creatures
  An orc warrior (D:6)
  A sky beast (D:6)
  2 ice beasts
  An ogre (D:4)
  2 kobold brigands (Sewer)
  A bullfrog (D:6)
  3 scorpions
  2 hounds (D:5)
  2 orc priests
  An iguana (D:6)
  Ijyb (D:3)
  2 sleepcaps
  3 orc wizards (D:5)
  Natasha (thrice) (D:3)
  Robin (D:4)
  2 gnolls (D:5)
  An orc zombie (D:6)
  8 adders
  6 river rats
  5 worms
  A dart slug (D:3)
  11 orcs
  11 ball pythons
  6 bats
  6 endoplasms
  5 giant cockroaches
  12 goblins
  10 hobgoblins
  6 jackals
  6 kobolds
  5 quokkas
  6 frilled lizards
  12 rats
145 creatures vanquished.

Vanquished Creatures (collateral kills)
  An orc wizard (D:5)
  A gnoll (D:5)
  3 worms
  2 orcs
  A giant cockroach (D:3)
  A bat (D:1)
  A frilled lizard (Sewer)
  A kobold (D:2)
  2 rats (Sewer)
13 creatures vanquished.

Vanquished Creatures (others)
  An ice beast zombie (D:6)
  2 adder zombies (D:6)
  3 orc zombies (D:5)
  A demonic plant (D:1)
  10 plants
  A withered plant (D:1)
18 creatures vanquished.

Grand Total: 176 creatures vanquished

Notes
Turn   | Place    | Note
-------+----------+-------------------------------------------
     0 | D:1      | Danienth the Demonspawn Necromancer began the quest for the
                  | Orb.
     0 | D:1      | Reached XP level 1. HP: 13/13 MP: 3/3
   169 | D:1      | Discovered your monstrous ancestry.
   169 | D:1      | Gained mutation: You have a small tail. [demonic ancestry]
   169 | D:1      | Reached XP level 2. HP: 19/19 MP: 0/5
   335 | D:1      | Reached skill level 5 in Necromancy
   425 | D:1      | Found a faded altar of an unknown god.
   921 | D:2      | Gained mutation: You have a tail ending in a sharp stinger.
                  | [demonic ancestry]
   921 | D:2      | Reached XP level 3. HP: 16/24 MP: 1/6
  1065 | D:2      | HP: 1/24 [worm (2)]
  1377 | D:2      | Gained mutation: Your touch may inflict minor irresistible
                  | damage on your foes. [demonic ancestry]
  1377 | D:2      | Reached XP level 4. HP: 30/30 MP: 1/8
  1976 | D:3      | Found a burning altar of Makhleb.
  2330 | D:3      | Noticed Natasha
  2345 | D:3      | Killed Natasha
  2446 | D:3      | Noticed Ijyb
  2451 | D:3      | Killed Ijyb
  2452 | D:3      | Gained mutation: You regenerate magic rapidly. [demonic
                  | ancestry]
  2452 | D:3      | Reached XP level 5. HP: 35/35 MP: 5/10
  2471 | D:3      | Noticed Natasha
  2476 | D:3      | Killed Natasha
  2477 | D:3      | Reached skill level 1 in Evocations
  2532 | D:3      | Noticed Natasha
  2539 | D:3      | Killed Natasha
  2976 | D:4      | Noticed an ogre
  2983 | D:4      | Killed an ogre
  2984 | D:4      | Gained mutation: You have large cloven feet. [demonic
                  | ancestry]
  2984 | D:4      | Reached XP level 6. HP: 41/41 MP: 5/12
  3083 | D:4      | Found a snail-covered altar of Cheibriados.
  3182 | D:4      | Noticed Robin
  3189 | D:4      | Reached skill level 6 in Necromancy
  3204 | D:4      | Reached skill level 1 in Staves
  3211 | D:4      | Killed Robin
  3298 | D:4      | Found a glowing drain.
  3302 | Sewer    | Entered a sewer
  3348 | Sewer    | Reached skill level 1 in Armour
  3662 | Sewer    | Gained mutation: You have hoof-like feet. [demonic
                  | ancestry]
  3662 | Sewer    | Reached XP level 7. HP: 46/46 MP: 9/14
  4126 | Sewer    | Learned a level 3 spell: Vampiric Draining
  4131 | Sewer    | Learned a level 4 spell: Animate Dead
  4439 | D:5      | Entered Level 5 of the Dungeon
  4779 | D:5      | Reached skill level 5 in Spellcasting
  4844 | D:5      | Upgraded the game from 0.30-a0-1018-g25214051b3 to
                  | 0.30-a0-1035-g38d5fb2972
  4938 | D:5      | Reached skill level 7 in Necromancy
  5337 | D:5      | Gained mutation: You have a sharp stinger which inflicts
                  | weakening toxins. [demonic ancestry]
  5337 | D:5      | Reached XP level 8. HP: 46/52 MP: 11/16
  5597 | D:6      | Reached skill level 1 in Throwing
  6385 | D:6      | Slain by an orc warrior

Illustrated notes

Levels and vault maps discovered:
D:1:      eino_arrival_water_star, layout_rooms, shapermc_ecumenical_altar_gd
D:2:      layout_basic
D:3:      layout_basic, mainiacjoe_overflow_small_starburst, uniq_ijyb,
          uniq_natasha
D:4:      layout_basic, general_overflow_altar, gup_sewer_entry_spiral,
          uniq_robin
D:5:      layout_gridville, chequers_serial_rivers_room_a
D:6:      layout_loops_ring, kennysheep_orc_sif_temple, uniq_crazy_yiuf_cottage

Skill      XL: |  1  2  3  4  5  6  7  8 |
---------------+-------------------------+-----
Necromancy     | 5 6 7 |  7.6
Stealth        | 2 |  2.2
Spellcasting   | 3 4 5 6 |  6.0
Evocations     | 1 2 3 |  3.5
Staves         | 1 2 3 |  3.0
Armour         | 1 |  1.8
Dodging        | 2 |  2.6
Throwing       | 1 |  1.2
Fighting       | |  0.3

Action                     |  1- 3 |  4- 6 |  7- 9 || total
---------------------------+-------+-------+-------++-------
  Melee: Short sword       |    15 |       |       ||    15
         Dagger            |    10 |       |       ||    10
         Staff             |    16 |    11 |    25 ||    52
         Tailslap          |     6 |     2 |     6 ||    14
         Punch             |     1 |       |     2 ||     3
         Touch             |       |     1 |     6 ||     7
         Kick              |       |     1 |     7 ||     8
  Throw: Dart              |       |     8 |    14 ||    22
   Cast: Necrotise         |    67 |   132 |    91 ||   290
         Vampiric Draining |       |       |    13 ||    13
         Animate Dead      |       |       |     6 ||     6
  Evoke: Wand              |       |     1 |    10 ||    11
    Use: Scroll            |     2 |     1 |     9 ||    12
         Potion            |     1 |       |     3 ||     4
   Stab: Distracted        |     1 |       |       ||     1
 Armour: Robe              |     6 |       |       ||     6
         Leather armour    |     6 |    10 |    28 ||    44
  Dodge: Dodged            |    28 |    21 |    52 ||   101

Table legend: (Time is in decaauts)
 A = Elapsed time spent in this place.
 B = Non-inter-level travel time spent in this place.
 C = Inter-level travel time spent in this place.
 D = Time resting spent in this place.
 E = Time spent auto-exploring this place.
 F = Levels seen in this place.
 G = Mean time per level.
                   A        B        C        D        E       F      G
               +--------+--------+--------+--------+--------+-----+--------+
         Total |   6643 |   5831 |    812 |    870 |   3609 |   7 |  949.0 |
       Dungeon |   5573 |   4761 |    812 |    867 |   3009 |   6 |  928.8 |
         Sewer |   1069 |   1069 |      0 |      3 |    600 |   1 | 1069.0 |
               +--------+--------+--------+--------+--------+-----+--------+

Top non-repeatable levels by time:
   Sewer: 1069 daAuts
     D:2: 1028 daAuts
     D:3: 964 daAuts
     D:6: 920 daAuts
     D:1: 906 daAuts
     D:4: 883 daAuts
     D:5: 870 daAuts
